 Dungeon Crawl Stone Soup version 0.31-a0-774-g0d66cbabe8 (webtiles) character file.

Game seed: 1138106270863291839

2475 CrazyBamboolord the Covered (level 9, 0/111 HPs)
             Began as a Formicid Fighter on Sept 17, 2023.
             Was a Believer of Okawaru.
             Slain by a gnoll
             ... wielding a +0 trident
              (8 damage)
             ... in a bailey.
             The game lasted 00:09:44 (5868 turns).

CrazyBamboolord the Covered (Formicid Fighter)      Turns: 5868, Time: 00:09:44

Health: 0/111      AC: 24    Str: 24 (26) XL:     9   Next: 80%
Magic:  11/11      EV:  2    Int:  5 (7)  God:    Okawaru [**....]
Gold:   135        SH:  5    Dex: 10 (13) Spells: 8/8 levels left

rFire   . . .        a - +6 war axe
rCold   . . .        c - +0 buckler
rNeg    . . .        i - melded +0 plate armour
rPois   +            (helmet unavailable)
rElec   .            (cloak currently unavailable)
rCorr   .            (gloves currently unavailable)
SInv    .            (boots currently unavailable)
Will    .....        f - amulet of the acrobat
Stlth   +            k - ring of poison resistance
HPRegen 0.38/turn    (no ring)
MPRegen 0.12/turn

%: acrobat
@: tree-form
A: stationary, stasis, torment immunity, boosted hp, permanent stasis, dig
shafts and tunnels, (antennae 3), four strong arms
a: Renounce Religion, Heroism


You were in a bailey.
You worshipped Okawaru.
Okawaru was pleased with you.
You were a tree.
You visited 1 branch of the dungeon, and saw 7 of its levels.
You also visited: Sewer and Bailey.

You collected 411 gold pieces.
You spent 276 gold pieces at shops.

Inventory:

Hand Weapons
 a - a +6 war axe (weapon)
Missiles
 m - a throwing net
Armour
 c - a +0 buckler (worn)
 i - a +0 plate armour (melded)
Jewellery
 f - an amulet of the acrobat (around neck)
 k - a ring of poison resistance (left branch)
Wands
 o - a wand of light (11)
 v - a wand of digging (6)
 x - a wand of iceblast (7)
Scrolls
 h - a scroll of vulnerability
 n - 2 scrolls of fog
 s - 2 scrolls of immolation
 u - 2 scrolls of fear
Potions
 b - 2 potions of brilliance
 d - 3 potions of might
 j - 2 potions of enlightenment {unknown}
 l - 2 potions of magic {unknown}
 p - 2 potions of mutation {unknown}
 q - a potion of heal wounds {unknown}
 t - 4 potions of curing {unknown}


   Skills:
 * Level 7.8 Fighting
 * Level 6.7 Axes
 * Level 7.9 Armour
 + Level 7.3 Shields
 + Level 3.3 Invocations


You had 8 spell levels left.
You didn't know any spells.
Your spell library contained the following spells:

 Spells                   Type           Power      Damage    Failure   Level
 Inner Flame              Hex/Fire       0%         N/A       88%         3
 Ozocubu's Armour         Ice            0%         N/A       88%         3
 Flame Wave               Conj/Fire      0%         2d4       99%         4
 Sticky Flame             Conj/Fire      0%         2d3       99%         4
 Metabolic Englaciation   Hex/Ice        0%         N/A       100%        5
 Simulacrum               Ice/Necr       Unusable   N/A       N/A         6

Dungeon Overview and Level Annotations

Branches:
Dungeon (7/15)              Sewer (visited)          Bailey (1/1)
 Temple: D:4-7

Altars:
Ashenzari
Fedhas
Makhleb
Okawaru
Sif Muna
Vehumet
Xom
Yredelemnul
Zin

Shops:
D:5 ?


Innate Abilities, Weirdness & Mutations

You are a tree.
Your roots penetrate the ground, keeping you stationary.
You cannot be teleported.
You are immune to unholy pain and torment.
Your maximum health is greatly increased.
Your equipment is partially melded.
You cannot be hasted, slowed, berserked, paralysed or teleported.
You can dig through walls and to a lower floor.
((You have a pair of large antennae on your head. (SInv)))
Your four strong arms can wield two-handed weapons with a shield.


Message History

The gnoll sergeant attacks as it pursues you!
You block the gnoll sergeant's attack.
There is an open door here.
The gnoll completely misses you. The gnoll sergeant closely misses you.
The gnoll closely misses you.
Things that are here:
a throwing net; a +0 glaive; a +0 chain mail You hit the gnoll sergeant but do no damage.
You hit the gnoll. The gnoll barely misses you.
The gnoll sergeant closely misses you.
The gnoll hits you from afar with a +0 trident.
You block the gnoll's attack.
The gnoll sergeant hits you with a +0 glaive!
* * * LOW HITPOINT WARNING * * *
You hit the gnoll sergeant.
The gnoll sergeant is lightly wounded.
You hit the gnoll but do no damage. The gnoll hits you but does no damage.
You block the gnoll's attack.
The gnoll sergeant hits you with a +0 glaive!
* * * LOW HITPOINT WARNING * * *
Unknown command.
It was a potion of degeneration.
There was something very wrong with that liquid.
You feel weakened.
You feel dopey.
You feel clumsy.
The gnoll hits you from afar with a +0 trident.
* * * LOW HITPOINT WARNING * * *
You block the gnoll's attack.
Unknown command.
You turn into a tree.
Your +0 plate armour melds into your body.
Your roots penetrate the ground.
You block the gnoll's attack.
The gnoll sergeant hits you with a +0 glaive!
* * * LOW HITPOINT WARNING * * *
The gnoll hits you but does no damage.
Unknown command.
You completely miss the gnoll.
The gnoll is moderately wounded.
You slash the gnoll sergeant!
The gnoll hits you from afar with a +0 trident!
You die...

#...≈≈♣♣ ###..≈.♣ { {
#..≈.♣♣ { { #..≈..♣♣
#### { #..≈...♣ ##...##
{ #..≈...♣
##.....######..≈...♣♣
#...$...#..('..)....♣♣♣#
+...8g(♣'...'...)..∩..∩#
#...$.gg#...'.......♣♣♣#
##.....######..≈...♣♣
{##...## { #..≈..♣♣ {
#### {{{ #..≈..♣ {{
#..≈..♣ { #..≈.♣♣
{###..≈.♣ #...≈≈♣♣


You could see a gnoll sergeant and 2 gnolls.

Vanquished Creatures
  2 water moccasins
  An ice beast (D:6)
  2 ogres
  A sky beast (D:6)
  An orc warrior (D:7)
  2 centaurs
  2 phantoms (D:7)
  4 kobold brigands
  4 bullfrogs
  A scorpion (D:6)
  A gnoll sergeant (Bailey)
  A wight (D:3)
  2 crimson imps (D:3)
  4 jellies
  3 hounds
  An orc priest (D:7)
  3 sleepcaps
  3 iguanas
  3 orc wizards
  6 gnolls
  2 river rats (D:3)
  6 adders
  An ufetubus (D:6)
  3 worms
  3 dart slugs
  11 orcs
  8 ball pythons
  7 bats
  5 endoplasms
  7 giant cockroaches
  4 goblins
  3 hobgoblins
  13 jackals
  3 quokkas (D:2)
  6 frilled lizards
  25 kobolds
  12 rats
166 creatures vanquished.

Vanquished Creatures (collateral kills)
  2 jackals (D:3)
2 creatures vanquished.

Grand Total: 168 creatures vanquished

Notes
Turn   | Place    | Note
-------+----------+-------------------------------------------
     0 | D:1      | CrazyBamboolord the Formicid Fighter began the quest for
                  | the Orb.
     0 | D:1      | Reached XP level 1. HP: 18/18 MP: 1/1
   715 | D:2      | Reached XP level 2. HP: 23/24 MP: 2/2
   879 | D:2      | Reached XP level 3. HP: 27/29 MP: 3/3
  1093 | D:2      | Found a burning altar of Makhleb.
  1444 | D:3      | Reached XP level 4. HP: 33/37 MP: 4/4
  1520 | D:3      | Reached XP level 5. HP: 41/42 MP: 5/5
  1530 | D:3      | Found a glowing drain.
  1537 | Sewer    | Entered a sewer
  1561 | Sewer    | Noticed a kobold brigand
  1561 | Sewer    | Noticed a kobold brigand
  1571 | Sewer    | Killed a kobold brigand
  1572 | Sewer    | Reached XP level 6. HP: 33/49 MP: 6/6
  1573 | Sewer    | Reached skill level 5 in Shields
  1783 | Sewer    | Reached skill level 5 in Fighting
  1783 | Sewer    | Reached skill level 5 in Armour
  1909 | D:3      | Found a blossoming altar of Fedhas.
  2057 | D:3      | Noticed an ogre
  2070 | D:3      | Killed an ogre
  2071 | D:3      | Reached XP level 7. HP: 35/56 MP: 7/7
  2535 | D:3      | Found a shimmering altar of Xom.
  3241 | D:4      | Reached XP level 8. HP: 63/64 MP: 8/8
  3355 | D:5      | Entered Level 5 of the Dungeon
  3460 | D:5      | Found an iron altar of Okawaru.
  3473 | D:5      | Became a worshipper of Warmaster Okawaru
  3489 | D:5      | Reached skill level 5 in Axes
  4100 | D:5      | Found a shimmering blue altar of Sif Muna.
  4271 | D:5      | Reached skill level 1 in Invocations
  4412 | D:5      | Found a radiant altar of Vehumet.
  4451 | D:5      | Found Ronihese's Magic Scroll Boutique.
  4455 | D:5      | Bought a scroll of enchant weapon for 90 gold pieces
  4455 | D:5      | Bought a scroll of enchant weapon for 90 gold pieces
  4455 | D:5      | Bought a scroll of fog for 48 gold pieces
  4455 | D:5      | Bought a scroll of fear for 48 gold pieces
  4726 | D:6      | Reached * piety under Okawaru
  4755 | D:6      | Reached XP level 9. HP: 56/71 MP: 10/10
  5218 | D:6      | Found a burning altar of Makhleb.
  5221 | D:6      | Noticed a cacodemon
  5224 | D:6      | Found a glowing silver altar of Zin.
  5224 | D:6      | Noticed an angel
  5631 | D:7      | Reached ** piety under Okawaru
  5649 | D:7      | Found a broken altar of Ashenzari.
  5649 | D:7      | Found a basalt altar of Yredelemnul.
  5694 | D:7      | Found a flagged portal.
  5704 | Bailey   | Entered a bailey
  5868 | Bailey   | Slain by a gnoll

Illustrated notes

Levels and vault maps discovered:
D:1:      dpeg_arrival_pond, layout_basic
D:2:      layout_basic, basic_altar
D:3:      layout_basic, led_xom_imps, mainiacjoe_overflow_tiny_flanked,
          portal_sewer_entry_e, lightli_corner_chamber
D:4:      layout_basic
D:5:      layout_loops_ring, lemuel_tele_altar, lemuel_round_altar,
          kennysheep_little_box, serial_shops, nicolae_shop_back_alley_shop
D:6:      layout_basic, grunt_temple_overflow_order_and_chaos_2,
          grunt_ministairs_4
D:7:      layout_basic, mainiacjoe_overflow_surrounded_room,
          mainiacjoe_overflow_large_starburst,
          minmay_temple_entry_statues_pillars, enter_bailey_2
Bailey:   bailey_polearm_gnolls_kennysheep, bailey

Skill      XL: |  1  2  3  4  5  6  7  8  9 |
---------------+----------------------------+-----
Fighting       | 4 5 6 7 |  7.8
Armour         | 4 5 7 |  7.9
Axes           | 3 4 5 6 |  6.7
Shields        | 5 6 7 |  7.3
Invocations    | 2 3 |  3.3

Action                     |  1- 3 |  4- 6 |  7- 9 || total
---------------------------+-------+-------+-------++-------
  Melee: War axe           |    97 |   100 |   267 ||   464
Ability: Dig               |       |     1 |     2 ||     3
    Use: Scroll            |     6 |       |     8 ||    14
         Potion            |       |       |     7 ||     7
 Armour: Scale mail        |     6 |       |       ||     6
         Plate armour      |    72 |    97 |   297 ||   466
         Skin              |       |       |     6 ||     6
  Dodge: Dodged            |    29 |    26 |   108 ||   163
  Block: Buckler           |    24 |    33 |    97 ||   154

Table legend: (Time is in decaauts)
 A = Elapsed time spent in this place.
 B = Non-inter-level travel time spent in this place.
 C = Inter-level travel time spent in this place.
 D = Time resting spent in this place.
 E = Time spent auto-exploring this place.
 F = Levels seen in this place.
 G = Mean time per level.
                   A        B        C        D        E       F      G
               +--------+--------+--------+--------+--------+-----+--------+
         Total |   6031 |   5770 |    261 |    315 |   3786 |   9 |  670.1 |
       Dungeon |   5531 |   5270 |    261 |    209 |   3702 |   7 |  790.1 |
         Sewer |    332 |    332 |      0 |     37 |     83 |   1 |  332.0 |
        Bailey |    167 |    167 |      0 |     69 |      0 |   1 |  167.0 |
               +--------+--------+--------+--------+--------+-----+--------+

Top non-repeatable levels by time:
     D:5: 1249 daAuts
     D:3: 966 daAuts
     D:6: 888 daAuts
     D:2: 790 daAuts
     D:4: 729 daAuts
     D:1: 656 daAuts
   Sewer: 332 daAuts
     D:7: 250 daAuts
  Bailey: 167 daAuts
